 Dungeon Crawl Stone Soup version 0.30-a0-358-g0d69a1922f (webtiles) character file.

Game seed: 14181599146924003427

4020 funkygono the Arsonist (level 10, -4/73 HPs)
             Began as a Black Draconian Fire Elementalist on Nov 7, 2022.
             Was a Believer of Vehumet.
             Shot with a bolt by an orc warrior (15 damage)
             ... in a bailey on Nov 8, 2022.
             The game lasted 00:14:51 (8733 turns).

funkygono the Arsonist (DrFE)                       Turns: 8733, Time: 00:14:51

Health: -4/73      AC: 10    Str: 10    XL:     10   Next: 3%
Magic:  5/21       EV: 14    Int: 19    God:    Vehumet [**....]
Gold:   254        SH:  0    Dex: 19    Spells: 9/24 levels left

rFire   + . .      SeeInvis .    s - +2 whip (freeze)
rCold   . . .      Faith    .    (no shield)
rNeg    . . .      Spirit   .    (body armour unavailable)
rPois   .          Reflect  .    (helmet restricted)
rElec   +          Harm     .    (no cloak)
rCorr   .          Rampage  .    f - +1 pair of gloves
Will    .....                    v - +0 pair of boots
Stlth   +++.......               (no amulet)
HPRegen 0.32/turn                A - +6 ring of dexterity
MPRegen 0.17/turn                B - ring of protection from fire

@: no status effects
A: breathe lightning, AC +7, unfitting armour, electricity resistance,
cold-blooded
a: Breathe Lightning, Renounce Religion


You were in a bailey.
You worshipped Vehumet.
Vehumet was pleased with you.
You visited 2 branches of the dungeon, and saw 8 of its levels.
You also visited: Bailey.

You collected 254 gold pieces.

Inventory:

Hand Weapons
 a - a +0 whip
 j - a +0 flail of draining
 s - a +2 whip of freezing (weapon)
Armour
 f - a +1 pair of gloves (worn)
 n - an orb of mayhem
 v - a +0 pair of boots (worn)
Jewellery
 A - a +6 ring of dexterity (left hand)
 B - a ring of protection from fire (right hand)
Wands
 e - a wand of flame (39)
 p - a wand of polymorph (6)
Scrolls
 k - 4 scrolls of blinking
 l - a scroll of teleportation
 o - 2 scrolls of fog
 w - a scroll of summoning
 y - a scroll of amnesia
Potions
 b - 4 potions of attraction
 c - 3 potions of haste {unknown}
 d - 3 potions of lignification {unknown}
 g - a potion of magic
 h - 8 potions of curing
 i - a potion of brilliance {unknown}
 m - 2 potions of might {unknown}
 q - a potion of degeneration {unknown}
 r - a potion of flight {unknown}
 t - a potion of ambrosia {unknown}
 u - a potion of mutation {unknown}
 z - a potion of heal wounds {unknown}


   Skills:
 + Level 2.2 Fighting
 + Level 0.6 Maces & Flails
 + Level 4.0 Dodging
 + Level 3.2 Stealth
 + Level 7.9 Spellcasting
 + Level 5.1 Conjurations
 + Level 8.2 Fire Magic
 * Level 4.8 Poison Magic


You had 9 spell levels left.
You knew the following spells:

 Your Spells              Type           Power      Damage    Failure   Level
a - Foxfire               Conj/Fire      100%       2x1d9     1%          1
b - Scorch                Fire           78%        2d9       1%          2
c - Kindle Blastsparks    Fire/Tloc/Air  36%        2d13      9%          3
d - Flame Wave            Conj/Fire      33%        2d10      6%          4
e - Olgreb's Toxic Radia  Pois           25%        N/A       13%         4
f - Magic Dart            Conj           100%       1d8       1%          1

Your spell library contained the following spells:

 Spells                   Type           Power      Damage    Failure   Level
 Searing Ray              Conj           54%        2d6       1%          2
 Inner Flame              Hex/Fire       23%        N/A       4%          3
 Haunt                    Necr/Summ      3%         N/A       100%        7


Dungeon Overview and Level Annotations

Branches:
Dungeon (7/15)             Temple (1/1) D:4          Bailey (1/1)

Altars:
Ashenzari
Cheibriados
Dithmenos
Elyvilon
Fedhas
Gozag
Hepliaklqana
Kikubaaqudgha
Makhleb
Nemelex Xobeh
Okawaru
Qazlal
Ru
Sif Muna
Trog
Uskayaw
Vehumet
Wu Jian
Xom
Yredelemnul
Zin

Shops:
D:3 [


Innate Abilities, Weirdness & Mutations

You can breathe wild blasts of lightning.
Your glossy black scales are hard. (AC +7)
You cannot fit into any form of body armour.
You are resistant to electric shocks. (rElec)
You are cold-blooded and may be slowed by cold attacks.


Message History

Confirm with . or Enter, or press ? or * to list all spells.
You can't see any susceptible monsters within range! (Use Z to cast anyway.) Unknown command.
Casting: Foxfire (safe; 1% risk of failure)
Confirm with . or Enter, or press ? or * to list all spells.
You conjure some foxfire!
The orc warrior is no longer more vulnerable to fire.
The foxfire hits the orc.
The orc is moderately wounded.
The foxfire hits the orc but does no damage.
The orc is moderately wounded.
The orc warrior shoots a bolt.
The bolt hits you!
The foxfire hits the orc.
The orc is severely wounded.
The orc warrior shoots a bolt.
The bolt hits you!
The foxfire hits the orc.
You kill the orc!
Vehumet accepts your kill.
You feel your power returning.
The orc warrior shoots a bolt.
The bolt hits you but does no damage.
Casting: Foxfire (safe; 1% risk of failure)
Confirm with . or Enter, or press ? or * to list all spells.
You conjure some foxfire!
Casting: Foxfire (safe; 1% risk of failure)
Confirm with . or Enter, or press ? or * to list all spells.
You conjure some foxfire!
The foxfire hits the orc warrior!
The orc warrior is moderately wounded.
The foxfire hits the orc warrior!
The orc warrior is heavily wounded.
The orc warrior shoots a bolt.
The bolt hits you!
* * * LOW HITPOINT WARNING * * *
The orc warrior shoots a bolt.
The bolt completely misses you. The bolt misses your foxfire.
The foxfire hits the orc warrior.
The orc warrior is severely wounded.
The foxfire hits the orc warrior.
The orc warrior is almost dead.
The orc warrior shoots a bolt.
The bolt barely misses you.
The orc warrior shoots a bolt.
The bolt closely misses you.
The orc warrior shoots a bolt.
The bolt hits you!
You die...

#########################
.......................).
.........................
.......................).
.........................
≈≈≈.................≈≈≈≈≈
#≈≈...............≈≈###≈
#≈..o.@.§§.......≈##.##
.)..))o..§§§.......)....#
.∩#≈...............≈#∩.##
#≈....#######....≈##.#≈
≈≈≈...## #....≈≈≈.≈≈
......# #...... .. .....#
.. ..... .. ..


You could see 2 orc warriors.

Vanquished Creatures
  Pikel (D:5)
  The ghost of Verendum the Martial Artist, a novice OpFi of the Shining One (D:6)
  Sigmund (D:5)
  A water moccasin (D:7)
  3 black bears
  5 orc warriors
  2 sky beasts
  An ice beast (D:3)
  4 ogres
  4 lemures (D:5)
  2 phantoms
  2 necrophages
  A scorpion (D:6)
  5 quasits (D:6)
  4 hounds
  5 orc priests
  3 jellies
  2 iguanas (D:5)
  Terence (D:2)
  Natasha (thrice) (D:3)
  8 orc wizards
  10 gnolls
  11 adders
  3 ufetubi
  A worm (D:4)
  2 dart slugs (D:1)
  28 orcs
  9 endoplasms
  12 giant cockroaches
  7 goblins
  4 hobgoblins
  10 jackals (D:3)
  6 kobolds
  3 quokkas
  7 ball pythons
  5 bats
  7 frilled lizards (D:1)
  3 rats
187 creatures vanquished.

Vanquished Creatures (collateral kills)
  A foxfire (D:4)
1 creature vanquished.

Vanquished Creatures (others)
  527 foxfires
  10 plants
537 creatures vanquished.

Grand Total: 725 creatures vanquished

Notes
Turn   | Place    | Note
-------+----------+-------------------------------------------
     0 | D:1      | funkygono the Draconian Fire Elementalist began the quest
                  | for the Orb.
     0 | D:1      | Reached XP level 1. HP: 14/14 MP: 3/3
   276 | D:1      | Reached XP level 2. HP: 20/20 MP: 1/5
   279 | D:1      | Learned a level 2 spell: Scorch
  1037 | D:2      | Reached XP level 3. HP: 26/26 MP: 0/6
  1041 | D:2      | Learned a level 3 spell: Kindle Blastsparks
  1331 | D:2      | Found a broken altar of Ashenzari.
  1603 | D:2      | Reached XP level 4. HP: 33/33 MP: 2/8
  1892 | D:2      | Reached skill level 4 in Fire Magic
  1916 | D:2      | Noticed Terence
  1948 | D:2      | Killed Terence
  2394 | D:3      | Noticed a necrophage
  2401 | D:3      | Killed a necrophage
  2402 | D:3      | Reached XP level 5. HP: 38/38 MP: 1/10
  2503 | D:3      | Found a blossoming altar of Fedhas.
  2657 | D:3      | Found Ycibais's Armour Emporium.
  2798 | D:3      | Noticed Natasha
  2850 | D:3      | Killed Natasha
  3002 | D:3      | Learned a level 4 spell: Flame Wave
  3504 | D:3      | Reached XP level 6. HP: 45/45 MP: 2/12
  3513 | D:3      | Noticed Natasha
  3571 | D:3      | Killed Natasha
  3572 | D:3      | Reached skill level 5 in Fire Magic
  3670 | D:3      | Noticed Natasha
  3674 | D:3      | Killed Natasha
  3775 | D:3      | Noticed an ice beast
  3782 | D:3      | Killed an ice beast
  4237 | D:4      | Found a staircase to the Ecumenical Temple.
  4248 | Temple   | Entered the Ecumenical Temple
  4779 | D:4      | Your scales start taking on a glossy black colour.
  4779 | D:4      | Reached XP level 7. HP: 50/50 MP: 10/13
  4779 | D:4      | Gained mutation: You are resistant to electric shocks.
                  | (rElec) [Black Draconian growth]
  4803 | D:4      | Got the Directory of Pestilent Darkness
  5415 | D:4      | Learned a level 4 spell: Olgreb's Toxic Radiance
  5443 | D:5      | Entered Level 5 of the Dungeon
  5527 | D:5      | Reached skill level 6 in Fire Magic
  5621 | D:5      | Reached skill level 5 in Spellcasting
  5698 | D:5      | Found an ancient bone altar of Kikubaaqudgha.
  6009 | D:5      | Reached skill level 1 in Fighting
  6147 | D:5      | Reached XP level 8. HP: 59/59 MP: 4/16
  6346 | D:5      | Found a radiant altar of Vehumet.
  6381 | D:5      | Became a worshipper of Vehumet
  6700 | D:5      | Upgraded the game from 0.30-a0-354-g6b83867211 to
                  | 0.30-a0-358-g0d69a1922f
  6780 | D:6      | Noticed Pikel
  6781 | D:6      | Noticed Sigmund
  6787 | D:5      | Killed Sigmund
  6788 | D:5      | Reached skill level 1 in Poison Magic
  6979 | D:5      | HP: 2/59 [Pikel/+1 whip of freezing (2)]
  6980 | D:5      | Killed Pikel
  6981 | D:5      | Reached skill level 7 in Fire Magic
  7275 | D:6      | Reached XP level 9. HP: 61/67 MP: 8/19
  7465 | D:6      | Reached * piety under Vehumet
  7465 | D:6      | Offered knowledge of Magic Dart by Vehumet.
  7468 | D:6      | Learned a level 1 spell: Magic Dart
  7700 | D:6      | Found a transporter.
  7708 | D:6      | Found a burning altar of Makhleb.
  7747 | D:6      | Found a transporter.
  7824 | D:6      | Noticed Verendum's ghost (novice OpFi)
  7973 | D:6      | Killed Verendum's ghost
  8121 | D:7      | Reached skill level 8 in Fire Magic
  8335 | D:7      | Reached ** piety under Vehumet
  8335 | D:7      | Offered knowledge of Searing Ray by Vehumet.
  8337 | D:7      | Found a flagged portal.
  8382 | Bailey   | Entered a bailey
  8412 | Bailey   | Reached skill level 5 in Conjurations
  8606 | Bailey   | Reached XP level 10. HP: 57/73 MP: 12/21
  8733 | Bailey   | Shot with a bolt by an orc warrior

Illustrated notes

Levels and vault maps discovered:
D:1:      minmay_arrival_semitransparent, layout_loops_ring, minmay_lizard_king
D:2:      minmay_roachtagon, layout_basic, basic_altar, uniq_terence
D:3:      layout_basic, lemuel_coloured_pillars_altar, serial_shops,
          nicolae_shop_waterfront, uniq_natasha
D:4:      layout_basic, minmay_temple_entry_large_hall,
          hangedman_abyss_or_decor_jellyfish_corner, serial_bayou_lagoon_b
D:5:      layout_basic, mainiacjoe_overflow_catwalk_spiral,
          minmay_misc_feat_alley
D:6:      layout_rooms, bloody_makhleb, gammafunk_ghost_stat_death,
          st_stairs_14, uniq_pikel, uniq_sigmund
D:7:      layout_layer_cave, enter_bailey_3
Temple:   bh_familiar_temple
Bailey:   bailey_polearm_2, bailey

Skill      XL: |  1  2  3  4  5  6  7  8  9 |
---------------+----------------------------+-----
Dodging        | 2 3 4 |  4.0
Spellcasting   | 3 4 5 6 7 |  7.9
Fire Magic     | 4 5 6 7 8 |  8.2
Stealth        | 2 3 |  3.2
Conjurations   | 2 3 4 5 |  5.1
Fighting       | 1 2 |  2.2
Poison Magic   | 3 4 |  4.8
Maces & Flails | |  0.6

Action                   |  1- 3 |  4- 6 |  7- 9 | 10-12 || total
-------------------------+-------+-------+-------+-------++-------
Melee: Unarmed           |     5 |       |       |       ||     5
       Club              |    18 |    11 |       |       ||    29
       Tailslap          |     3 |     3 |     3 |       ||     9
       Whip              |       |    10 |    15 |       ||    25
       Punch             |       |     1 |       |       ||     1
       Flail             |       |       |     2 |       ||     2
 Cast: Foxfire           |    47 |    90 |   147 |    23 ||   307
       Scorch            |    11 |    35 |    41 |     2 ||    89
       Flame Wave        |       |       |    12 |       ||    12
  Use: Potion            |       |     1 |     1 |       ||     2
       Scroll            |       |     8 |     5 |       ||    13
 Stab: Distracted        |     1 |       |       |       ||     1
Armor: Skin              |    11 |    38 |    62 |     4 ||   115
Dodge: Dodged            |    17 |    67 |    95 |     8 ||   187

Table legend: (Time is in decaauts)
 A = Elapsed time spent in this place.
 B = Non-inter-level travel time spent in this place.
 C = Inter-level travel time spent in this place.
 D = Time resting spent in this place.
 E = Time spent auto-exploring this place.
 F = Levels seen in this place.
 G = Mean time per level.
                   A        B        C        D        E       F      G
               +--------+--------+--------+--------+--------+-----+--------+
         Total |   8806 |   8640 |    166 |    954 |   6238 |   9 |  978.4 |
       Dungeon |   8263 |   8118 |    145 |    768 |   6047 |   7 | 1180.4 |
        Temple |    191 |    171 |     20 |      0 |    169 |   1 |  191.0 |
        Bailey |    350 |    350 |      0 |    186 |     22 |   1 |  350.0 |
               +--------+--------+--------+--------+--------+-----+--------+

Top non-repeatable levels by time:
     D:5: 1876 daAuts
     D:3: 1752 daAuts
     D:2: 1344 daAuts
     D:4: 1192 daAuts
     D:1: 1014 daAuts
     D:6: 795 daAuts
  Bailey: 350 daAuts
     D:7: 287 daAuts
  Temple: 191 daAuts
